 Dungeon Crawl Stone Soup version 0.27-a0-1200-g94dc6ad4cf (webtiles) character file.

Game seed: 13573072961693005797

39 Froggeryz the Cudgeller (level 3, -3/27 HPs)
             Began as a Demonspawn Gladiator on May 29, 2021.
             Was a Believer of Ru.
             Killed from afar by Sigmund (7 damage)
             ... with a magic dart
             ... on level 2 of the Dungeon.
             The game lasted 00:02:33 (1103 turns).

Froggeryz the Cudgeller (Demonspawn Gladiator)      Turns: 1103, Time: 00:02:34

Health: -3/27      AC:  5    Str: 15    XL:     3   Next: 26%
Magic:  3/3        EV: 12    Int:  9    God:    Ru [**....]
Gold:   41         SH:  0    Dex: 14    Spells: 2/2 levels left

rFire    . . .     SeeInvis .   a - +0 flail
rCold    . . .     Faith    .   (no shield)
rNeg     . . .     Spirit   .   b - +0 leather armour
rPois    .         Reflect  .   (helmet restricted)
rElec    .         Harm     .   (no cloak)
rCorr    .         Rampage  .   (no gloves)
Will     .....                  (no boots)
Stlth    +.........             (no amulet)
HPRegen  0.09/turn              (no ring)
MPRegen  0.08/turn              (no ring)

@: attractive
A: antennae 1, slimy green scales 1, hated by all
a: Renounce Religion


You were on level 2 of the Dungeon.
You worshipped Ru.
Ru was pleased with you.
You visited 1 branch of the dungeon, and saw 2 of its levels.

You collected 41 gold pieces.

Inventory:

Hand Weapons
 a - a +0 flail (weapon)
Armour
 b - a +0 leather armour (worn)
 c - a +0 helmet
Jewellery
 f - a ring of wizardry
Scrolls
 g - a scroll of identify
Potions
 e - a potion of brilliance


   Skills:
 - Level 2.0 Fighting
 * Level 4.0 Maces & Flails
 - Level 1.7 Throwing
 - Level 2.6 Dodging


You had 2 spell levels left.
You didn't know any spells.
Your spell library contained the following spells:

 Spells                   Type           Power      Damage    Failure   Level
 Apportation              Tloc           0%         N/A       45%         1
 Corona                   Hex            0%         N/A       45%         1
 Animate Skeleton         Necr           Unusable   N/A       N/A         1
 Summon Small Mammal      Summ           Unusable   N/A       N/A         1

Dungeon Overview and Level Annotations

Branches:
Dungeon (2/15)

Altars:
Ru

Shops:
D:1 *

Annotations:
D:2 Sigmund


Innate Abilities, Weirdness & Mutations

You have a pair of small antennae on your head.
You are partially covered in slimy green scales. (AC +2)
You are hated by all.


Message History

The throwing net closely misses Sigmund.
Sigmund says, "I'm your fate."
Sigmund hits you from afar with a +0 scythe!
Throw: 2 throwing nets
Press: ? - help, Q - select action Shift-Dir - straight line, f/p - Sigmund
Aim: Sigmund, wielding a +0 scythe and wearing a +0 robe (55% to hit)
You throw a throwing net.
The throwing net closely misses Sigmund.
Sigmund hits you from afar with a +0 scythe.
Throw: throwing net
Press: ? - help, Q - select action Shift-Dir - straight line, f/p - Sigmund
Aim: Sigmund, wielding a +0 scythe and wearing a +0 robe (55% to hit)
You throw a throwing net.
The throwing net closely misses Sigmund.
Sigmund casts a spell at you. You resist with significant effort.
Okay, then.
Unknown command.
As you read the scroll labelled PONWAS VILELO, it crumbles to dust.
It is a scroll of identify.
e - a potion of brilliance Sigmund closely misses you.
It was a potion of attraction.
You feel attractive to monsters.
Sigmund hits you from afar with a +0 scythe.
Sigmund is pulled toward you!
You thump Sigmund!
Sigmund is moderately wounded.
Sigmund hits you with a +0 scythe!
* * * LOW HITPOINT WARNING * * *
You sock Sigmund!
Sigmund is heavily wounded.
Sigmund giggles. "Time to reap what you sow."
Sigmund barely misses you.
You closely miss Sigmund.
Sigmund is heavily wounded.
Sigmund is suddenly surrounded by pale blue light.
Sigmund gestures at you while chanting. The magic dart hits you!
You die...

########
......#### #######
#.......# ......#
#.......# .......
#......@###.......
#......@..........
#.................
#...#...........).
#...#.............
#.................
#.........(.......
##########.##.....
#.. .####


You could see Sigmund.

Vanquished Creatures
  A worm (D:2)
  A dart slug (D:1)
  2 bats (D:1)
  An endoplasm (D:1)
  A giant cockroach (D:1)
  3 hobgoblins (D:1)
  11 jackals (D:1)
  4 kobolds (D:1)
  2 ball pythons (D:1)
  2 rats
28 creatures vanquished.

Notes
Turn   | Place    | Note
-------+----------+-------------------------------------------
     0 | D:1      | Froggeryz the Demonspawn Gladiator began the quest for the
                  | Orb.
     0 | D:1      | Reached XP level 1. HP: 16/16 MP: 1/1
     4 | D:1      | Became a worshipper of Ru the Awakened
    20 | D:1      | Gained mutation: You are hated by all. [Ru sacrifice]
    20 | D:1      | Reached * piety under Ru
    20 | D:1      | Reached ** piety under Ru
   104 | D:1      | Reached skill level 3 in Maces & Flails
   354 | D:1      | Gained mutation: You are partially covered in slimy green
                  | scales. (AC +2) [demonic ancestry]
   354 | D:1      | Reached XP level 2. HP: 22/22 MP: 2/2
   372 | D:1      | Found Wishuaja's General Store.
   678 | D:1      | Gained mutation: You have a pair of small antennae on your
                  | head. [demonic ancestry]
   678 | D:1      | Reached XP level 3. HP: 21/27 MP: 3/3
  1078 | D:2      | Reached skill level 4 in Maces & Flails
  1086 | D:2      | Noticed Sigmund
  1103 | D:2      | Killed from afar by Sigmund

Illustrated notes

Levels and vault maps discovered:
D:1:      dpeg_arrival_long_road, layout_basic, serial_shops,
          nicolae_shop_behind_doors, basic_ecumenical_altar
D:2:      layout_basic, serial_rivers, chequers_serial_rivers_micro_c,
          chequers_serial_rivers_micro_a, chequers_serial_rivers_room_b,
          chequers_serial_rivers_micro_d, dk_noncrumbling_2, uniq_sigmund,
          uniq_terence, uniq_crazy_yiuf_cottage

Skill      XL: |  1  2  3 |
---------------+----------+-----
Maces & Flails | 3 4 |  4.0
Fighting       | |  2.0
Throwing       | |  1.7
Dodging        | |  2.6

Action                   || total
-------------------------++-------
Melee: Flail             ||    92
Throw: Throwing net      ||     3
Invok: Sacrifice Love    ||     1
  Use: Scroll            ||     1
       Potion            ||     1
Armor: Leather armour    ||    42
Dodge: Dodged            ||    71

Table legend: (Time is in decaauts)
 A = Elapsed time spent in this place.
 B = Non-inter-level travel time spent in this place.
 C = Inter-level travel time spent in this place.
 D = Time resting spent in this place.
 E = Time spent auto-exploring this place.
 F = Levels seen in this place.
 G = Mean time per level.
                   A        B        C        D        E       F      G
               +--------+--------+--------+--------+--------+-----+--------+
         Total |   1122 |   1094 |     28 |    187 |    688 |   2 |  561.0 |
       Dungeon |   1122 |   1094 |     28 |    187 |    688 |   2 |  561.0 |
               +--------+--------+--------+--------+--------+-----+--------+

Top non-repeatable levels by time:
     D:1: 1077 daAuts
     D:2: 45 daAuts
